 Dungeon Crawl Stone Soup version 0.26.0-10-g1f06aea511 (webtiles) character file.

Game seed: 316979600809288537

259 Amaterasu the Skirmisher (level 6, -1/40 HPs)
             Began as a Gargoyle Fighter on Feb 6, 2021.
             Slain by a bullfrog (2 damage)
             ... in a sewer.
             The game lasted 00:03:13 (2135 turns).

Amaterasu the Skirmisher (Gargoyle Fighter)         Turns: 2135, Time: 00:03:14

Health: -1/40      AC: 11    Str: 22    XL:     6   Next: 17%
Magic:  6/6        EV:  4    Int:  8    God:
Gold:   208        SH:  9    Dex:  9    Spells: 5/5 levels left

rFire    . . .     SeeInvis .   a - +1 war axe
rCold    . . .     Faith    .   c - +0 kite shield
rNeg     + . .     Spirit   .   b - +0 scale mail
rPois    ∞         Reflect  .   (no helmet)
rElec    +         Harm     .   (no cloak)
rCorr    .         Rampage  .   (no gloves)
Will     .....                  (no boots)
Stlth    ..........             (no amulet)
HPRegen  0.13/turn              q - ring of flight
MPRegen  0.10/turn              (no ring)

@: mighty, constricted
A: negative energy resistance 1, electricity resistance, unbreathing,
petrification resistance, miasma immunity, AC +4
a: Evoke Flight


You were in a sewer.
You visited 1 branch of the dungeon, and saw 3 of its levels.
You also visited: Sewer.

You collected 208 gold pieces.

Inventory:

Hand Weapons
 a - a +1 war axe (weapon)
Armour
 b - a +0 scale mail (worn)
 c - a +0 kite shield (worn)
 k - a +0 chain mail
Jewellery
 q - a ring of flight (left hand)
Scrolls
 h - a scroll of enchant weapon
 m - a scroll of amnesia
 p - 3 scrolls of magic mapping {unknown}
 s - 2 scrolls of teleportation {unknown}
Potions
 d - 2 potions of might
 e - a potion of haste
 f - a potion of resistance {unknown}
 g - a potion of cancellation
 i - a potion of berserk rage {unknown}
 j - 4 potions of heal wounds {unknown}
 l - 2 potions of curing {unknown}
 n - 2 potions of magic {unknown}
 o - a potion of ambrosia {unknown}
 r - 3 potions of flight {unknown}


   Skills:
 - Level 5.0 Fighting
 + Level 4.8 Axes
 - Level 3.2 Armour
 - Level 3.2 Shields


You had 5 spell levels left.
You didn't know any spells.
Your spell library was empty.

Dungeon Overview and Level Annotations

Branches:
Dungeon (3/15)              Sewer (1/1)

Altars:
Nemelex Xobeh
Ru
The Shining One


Innate Abilities, Weirdness & Mutations

You are resistant to torment.
Your stone body is resilient. (AC +4)
You are immune to poison.
You resist negative energy. (rN+)
You are resistant to electric shocks. (rElec)
You can survive without breathing.
You are immune to petrification.
You are immune to miasma.


Message History

You closely miss the adder. You barely miss the ball python.
You block the bullfrog's attack. You block the adder's attack.
The bullfrog hits you but does no damage.
The adder barely misses you.
The bullfrog hits you but does no damage.
The ball python bites you but does no damage.
The ball python constricts you.
The bullfrog hits you but does no damage.
The adder bites you but does no damage. x2
You closely miss the bullfrog.
The bullfrog is almost dead.
You miss the adder. You slash the bullfrog! You miss the adder.
Your shield prevents you from hitting the ball python.
The bullfrog hits you.
* * * LOW HITPOINT WARNING * * *
The bullfrog hits you but does no damage.
You block the adder's attack. You block the ball python's attack.
The ball python constricts you. You block the adder's attack.
The bullfrog hits you.
You die...

#......
#.....
#.≈≈..##
#.≈≈≈≈
#≈≈≈≈≈≈#
#≈≈≈≈≈
#≈≈≈≈≈≈#
#≈≈≈≈≈
#≈≈≈≈≈≈#
#≈≈≈≈≈
#≈≈≈≈≈≈#
#≈≈≈≈≈
#≈S≈≈≈≈#
#≈≈≈≈≈
#SSF≈≈≈#
#≈≈≈≈≈
#F@S≈≈≈#
#≈≈≈≈≈
#≈.≈≈≈≈#
#≈.≈..
#≈≈≈≈≈≈#
#≈....
#≈#≈≈≈≈#
##≈≈.≈
#≈≈≈≈≈≈#
#≈≈≈≈≈
#≈≈≈≈≈≈#
#≈≈≈≈≈
#≈≈≈≈≈≈#
#≈≈†≈≈
#≈≈≈≈≈≈#
#≈≈≈†≈
#≈≈≈≈≈≈#####
#≈≈≈≈≈


You could see 2 bullfrogs, 2 adders and 2 ball pythons.

Vanquished Creatures
  An orc wizard (D:3)
  Terence (D:2)
  A hound skeleton (D:3)
  5 adders (Sewer)
  3 river rats (Sewer)
  2 oozes (Sewer)
  4 worms (D:2)
  A dart slug (D:1)
  3 leopard geckos
  5 orcs (D:3)
  7 giant cockroaches
  7 goblins
  4 hobgoblins
  2 jackals (D:3)
  8 ball pythons
  8 bats
  8 frilled lizards
  3 kobolds
  35 rats
108 creatures vanquished.

Vanquished Creatures (others)
  5 plants (D:2)
5 creatures vanquished.

Grand Total: 113 creatures vanquished

Notes
Turn   | Place    | Note
-------+----------+-------------------------------------------
     0 | D:1      | Amaterasu the Gargoyle Fighter began the quest for the Orb.
     0 | D:1      | Reached XP level 1. HP: 14/14 MP: 1/1
   196 | D:1      | Reached XP level 2. HP: 20/20 MP: 2/2
   334 | D:1      | Reached skill level 4 in Fighting
   574 | D:1      | Reached XP level 3. HP: 24/24 MP: 3/3
   752 | D:2      | Found a sacrificial altar of Ru.
  1221 | D:2      | Found a glowing golden altar of the Shining One.
  1226 | D:2      | Noticed Terence
  1236 | D:2      | Killed Terence
  1237 | D:2      | Reached XP level 4. HP: 29/30 MP: 4/4
  1531 | D:3      | Reached XP level 5. HP: 30/34 MP: 5/5
  1561 | D:3      | Found a sparkling altar of Nemelex Xobeh.
  1696 | D:3      | Found a glowing drain.
  1713 | Sewer    | Entered a sewer
  1912 | Sewer    | Reached skill level 5 in Fighting
  2038 | Sewer    | Reached XP level 6. HP: 40/40 MP: 6/6
  2135 | Sewer    | HP: 1/40 [bullfrog (6)]
  2135 | Sewer    | Slain by a bullfrog

Illustrated notes

Levels and vault maps discovered:
D:1:      roderic_dead_forest, layout_loops_ring
D:2:      layout_rooms, tso_metal_star, overflow_temple_1_default, serial_bayou,
          serial_bayou_shore_a, serial_bayou_shore_b, serial_bayou_pond_e,
          serial_bayou_crossing, uniq_terence
D:3:      minmay_razor_zed, layout_loops_ring,
          nemelex_xobeh_ov_fountains_minmay, portal_sewer_entry_f,
          chequers_ecumenical_altar_simple_redux, minmay_misc_feat_enclosed,
          grunt_ministairs_15
Sewer:    sewer_minmay_w

Skill      XL: |  1  2  3  4  5 |
---------------+----------------+-----
Axes           | 2 3 4 |  4.8
Fighting       | 4 5 |  5.0
Armour         | |  3.2
Shields        | |  3.2

Action                   |  1- 3 |  4- 6 || total
-------------------------+-------+-------++-------
Melee: War axe           |   143 |   186 ||   329
  Use: Scroll            |     5 |     3 ||     8
       Potion            |       |     1 ||     1
Armor: Scale mail        |    70 |   133 ||   203
Dodge: Dodged            |    31 |    62 ||    93
Block: Kite shield       |    75 |    99 ||   174
